Cogmind - Beta 11 @@@ ROGUE MODE // 2022.04.02 @ 15:05:16 Player: SURFACESEEKER Result: Destroyed by H-61 Shepherd with Heavy Assault Cannon Performance ------------- Evolutions (2) 1000 Regions Visited (4) 800 Robots Destroyed (27) 135 Value Destroyed (726) 726 Prototype IDs (0) 0 Alien Tech Used (0) 0 Bonus (33) 33 TOTAL SCORE: 2694 Bonus ------- Follower Combat Kills 33 Cogmind --------- Core Integrity 0/550 Matter 280/300 Energy 100/100 System Corruption 0% Temperature Cool (0) Movement Core (450) Ox8 Location -8/Materials Parts ------- > --- POWER (1) -------- (None) > --- PROPULSION (4) --- (None) > --- UTILITY (4) ------ Large Storage Unit Terrain Scan Processor Power Shielding > --- WEAPON (2) ------- Heavy Mace Spear > --- INVENTORY (15) --- Disposable Heat Sink Small Storage Unit Large Storage Unit Advanced ECM Suite Advanced ECM Suite Advanced Beam Cannon Advanced Beam Cannon Ion Cannon Light Assault Rifle Light Assault Rifle Heavy Assault Rifle Heavy Assault Rifle Peak State ------------ > --- POWER ------------ (None) > --- PROPULSION ------- Aluminum Leg Aluminum Leg Aluminum Leg Aluminum Leg > --- UTILITY ---------- Large Storage Unit Improved Terrain Scanner Terrain Scan Processor Light Armor Plating > --- WEAPON ----------- Spear Spear > --- INVENTORY -------- Light Treads Disposable Heat Sink Small Storage Unit Large Storage Unit Advanced ECM Suite Advanced ECM Suite Power Shielding Advanced Beam Cannon Advanced Beam Cannon Ion Cannon Light Assault Rifle Light Assault Rifle Heavy Assault Rifle Heavy Assault Rifle [Rating: 21] Favorites ----------- Power Ion Engine Engine Ion Engine Propulsion Aluminum Leg Treads Light Treads Leg Aluminum Leg Utility Large Storage Unit Device Improved Terrain Scanner Storage Large Storage Unit Processor Terrain Scan Processor Protection Light Armor Plating Weapon Heavy Assault Rifle Energy Gun Medium Laser Ballistic Gun Heavy Assault Rifle Impact Weapon Heavy Mace Piercing Weapon Spear Build | -11 -10 -9 -9 -8 ------- Run | Scr Mat Mat Min Mat Slots Evolved 4 | . . 2 . 2 Power . | . . . . . Propulsion 2 | . . 2 . . Utility 2 | . . . . 2 Weapon . | . . . . . Parts Attached 41 | 5 5 5 15 11 Power 4 | 1 1 . 2 . Engine 4 | 1 1 . 2 . Core . | . . . . . Reactor . | . . . . . Propulsion 13 | 2 . 2 6 3 Treads 3 | . . . 2 1 Leg 10 | 2 . 2 4 2 Wheel . | . . . . . Hover . | . . . . . Flight . | . . . . . Utility 9 | . 1 1 2 5 Device 2 | . . . 1 1 Storage 1 | . 1 . . . Processor 1 | . . . . 1 Hackware . | . . . . . Protection 5 | . . 1 1 3 Artifact . | . . . . . Weapon 15 | 2 3 2 5 3 Energy Gun 3 | 1 1 . 1 . Energy Cannon . | . . . . . Ballistic Gun 9 | 1 2 2 4 . Ballistic Cannon . | . . . . . Launcher . | . . . . . Special Weapon . | . . . . . Impact Weapon 1 | . . . . 1 Slashing Weapon . | . . . . . Piercing Weapon 2 | . . . . 2 Special Melee Weapon . | . . . . . Unidentified Prototypes . | . . . . . Parts Lost 20 | . 1 4 7 8 Power 3 | . . . 3 . Propulsion 9 | . . 2 2 5 Utility 4 | . . 1 1 2 Weapon 4 | . 1 1 1 1 Highest Loss Streak 8 | . 1 4 5 8 To Critical Strikes . | . . . . . Average Slot Usage (%) 77 | . 72 66 79 81 Engine 7 | . 14 11 8 . Treads 7 | . . . 11 4 Leg 21 | . 28 20 17 27 Device 3 | . . . 2 7 Storage 9 | . 1 11 11 9 Processor 1 | . . . . 8 Protection 5 | . . 2 6 8 Energy Gun 2 | . 14 3 . . Ballistic Gun 18 | . 14 17 21 14 Naked Turns . | . . . . . Heaviest Build 33 | 8 28 32 33 30 Greatest Support 40 | 20 20 20 40 40 Greatest Overweight (x) 9 | . 1 9 2 8 Average Overweight (x) . | . . 1 . . Largest Inventory Capacity 15 | 5 15 15 15 15 Average Capacity 13 | 5 6 15 15 15 Most Carried 15 | 4 5 13 15 15 Average Carried 11 | 2 3 8 13 13 Final Capacity 15 | 5 15 15 15 15 Final Carried 14 | 3 5 13 14 12 Class Distribution -------------------- 72% | Scavenger-Mutant 27% | Mutant Dominant Class ---------------- Mutant | -10/Materials Scavenger-Mutant | -9/Materials Scavenger-Mutant | -9/Mines Scavenger-Mutant | -8/Materials Resources | -11 -10 -9 -9 -8 ----------- Run | Scr Mat Mat Min Mat Matter Collected 942 | 130 120 170 387 135 Remotely . | . . . . . Salvage Created 978 | 51 151 193 446 137 Parts 58 | 6 11 11 23 7 Haulers Intercepted . | . . . . . Recyclers Shooed 4 | . 2 1 . 1 Parts Field Recycled . | . . . . . Retrieved Matter . | . . . . . Parts Self-Destructed . | . . . . . Prevented . | . . . . . Kills | -11 -10 -9 -9 -8 ------- Run | Scr Mat Mat Min Mat Combat Hostiles Destroyed 22 | . 8 4 8 2 Guns 22 | . 8 4 8 2 Classes Destroyed 7 | 1 2 1 2 1 Builder 1 | . . . 1 . Tunneler 3 | 2 . . 1 . Watcher 1 | . . . . 1 Swarmer 7 | . 7 . . . Grunt 6 | . 1 2 3 . Brawler 3 | . . . 3 . Sentry 6 | . . 2 2 2 Best Kill Streak 4 | 2 3 2 4 1 Combat Bots Only 3 | . 3 2 2 1 Max Kills in Single Turn 1 | 1 1 1 1 1 Gunslinging . | . . . . . Exploded . | . . . . . Melee . | . . . . . Uniques/NPCs Destroyed . | . . . . . Combat | -11 -10 -9 -9 -8 -------- Run | Scr Mat Mat Min Mat Damage Taken 3041 | . 292 582 966 1201 Core 836 | . 62 146 72 556 Absorbed by Shields 145 | . . . 145 . Core Remaining (%) 73 | 100 75 . 45 . Volleys Fired 108 | 2 28 23 47 8 Largest 2 | 2 2 2 2 2 Hottest 70 | 60 70 70 63 46 Shots Fired 218 | 4 56 46 96 16 Gun 218 | 4 56 46 96 16 Cannon . | . . . . . Launcher . | . . . . . Special . | . . . . . Kinetic 179 | 2 28 41 92 16 Thermal 21 | . 16 5 . . Explosive . | . . . . . Electromagnetic 18 | 2 12 . 4 . Robot Hit Streak 14 | 1 6 13 14 10 Robot Miss Streak 5 | 2 5 3 4 1 Penetration Max . | . . . . . Secondary Targets 4 | . 1 1 2 . Max Gunslinging Chain 1 | . 1 1 1 . Shots Hit Robots 147 | 1 26 31 64 25 Core Hits 51 | 2 12 11 18 8 Critical Kills 1 | . . 1 . . Critical Parts Destroyed . | . . . . . Critical Strikes 2 | . 1 1 . . Burn 1 | . 1 . . . Destroy 1 | . . 1 . . Melee Attacks 15 | . . . . 15 Impact . | . . . . . Slashing . | . . . . . Piercing 15 | . . . . 15 Sneak Attacks . | . . . . . Combat Hostiles . | . . . . . Follow-up Attacks 1 | . . . . 1 Damage Inflicted 1955 | 27 269 355 937 367 Guns 1777 | 25 269 351 934 198 Cannons . | . . . . . Explosions . | . . . . . Melee 164 | . . . . 164 Ramming 14 | 2 . 4 3 5 Kinetic 1515 | . 135 288 894 198 Thermal 164 | . 101 63 . . Explosive . | . . . . . Electromagnetic 98 | 25 33 . 40 . Impact . | . . . . . Slashing . | . . . . . Piercing 164 | . . . . 164 Highest Corruption 4 | . . . 4 . Average Corruption 2 | . . . 2 . Corruption Purged . | . . . . . Corruption Blocked . | . . . . . Effects 16 | . . . 16 . Message Errors 3 | . . . 3 . Matter Fused 6 | . . . 6 . Heat Flow Errors 3 | . . . 3 . Energy Discharges 1 | . . . 1 . Data Loss (minor) 1 | . . . 1 . Misfires 2 | . . . 2 . Overload Shots . | . . . . . Overflow Damage . | . . . . . Projectiles . | . . . . . Explosions . | . . . . . Melee . | . . . . . Knockbacks . | . . . . . Impact . | . . . . . Kinetic . | . . . . . Secondary . | . . . . . Self-Inflicted Damage . | . . . . . Shots . | . . . . . Rammed 1 | . . . 1 . Targets Rammed 5 | 1 1 1 1 1 Kicked 4 | 1 1 1 . 1 Crushed . | . . . . . Highest Temperature 202 | 20 150 96 202 14 Average Temperature 40 | 12 45 28 50 7 Received Heat Transfer 625 | . 18 255 280 72 Siege Activations . | . . . . . Robots Corrupted . | . . . . . Combat Hostiles . | . . . . . Parts Fried . | . . . . . Impact Corruptions . | . . . . . Robots Melted . | . . . . . Combat Hostiles . | . . . . . Parts Melted 2 | . 1 1 . . Heat Transferred 555 | . 370 185 . . Parts Sabotaged . | . . . . . Parts Stolen . | . . . . . Parts Stripped . | . . . . . Power Chain Reactions . | . . . . . Missiles Intercepted . | . . . . . Alert | -11 -10 -9 -9 -8 ------- Run | Scr Mat Mat Min Mat Peak Influence 251 | 10 251 205 124 123 Initial 105 | . 6 105 79 . Average 70 | 2 147 169 43 36 Maximum Alert Level 1 | . 1 1 . . Low Security (%) 89 | 100 58 64 100 100 Level 1 10 | . 41 35 . . Level 2 . | . . . . . Level 3 . | . . . . . Level 4 . | . . . . . Level 5 . | . . . . . High Security . | . . . . . Max Security . | . . . . . Squads Dispatched 1 | . . . . 1 Investigation . | . . . . . Extermination . | . . . . . Reinforcement 1 | . . . . 1 Assault . | . . . . . Garrison . | . . . . . Intercept . | . . . . . Searches Triggered . | . . . . . Construction Impeded . | . . . . . Haulers Reinforced . | . . . . . Active Scanning Responses . | . . . . . Cargo Convoy Interrupts . | . . . . . Stealth | -11 -10 -9 -9 -8 --------- Run | Scr Mat Mat Min Mat Distress Signals 1 | . 1 . . . Communications Jammed . | . . . . . Distress Signals . | . . . . . Times Spotted 30 | . 10 6 8 6 Peak Tracking Total 4 | . 4 2 2 2 Tactical Retreats 5 | . 2 . 1 2 Traps | -11 -10 -9 -9 -8 ------- Run | Scr Mat Mat Min Mat Traps Triggered 1 | . . . . 1 Indirectly . | . . . . . Trap Hack Attempts . | . . . . . Triggered . | . . . . . Disarmed . | . . . . . Reprogrammed . | . . . . . Reused . | . . . . . Traps Extracted . | . . . . . Installed . | . . . . . Triggered . | . . . . . Machines | -11 -10 -9 -9 -8 ---------- Run | Scr Mat Mat Min Mat Machines Disabled 1 | . 1 . . . Max in Single Turn 1 | . 1 . . . Machines Sabotaged . | . . . . . Garrisons Compromised . | . . . . . Overloaded Fab Kills . | . . . . . Hacking | -11 -10 -9 -9 -8 --------- Run | Scr Mat Mat Min Mat Machines Accessed 2 | . . . 1 1 Terminals 1 | . . . 1 . Fabricators . | . . . . . Repair Stations . | . . . . . Recycling Units . | . . . . . Scanalyzers 1 | . . . . 1 Garrison Access . | . . . . . Total Hacks 8 | . . . 3 5 Successful 8 | . . . 3 5 Failed . | . . . . . Catastrophic . | . . . . . Database Lockouts . | . . . . . Manual . | . . . . . Terminals 3 | . . . 3 . Fabricators . | . . . . . Repair Stations . | . . . . . Recycling Units . | . . . . . Scanalyzers 5 | . . . . 5 Garrison Access . | . . . . . Terminal Hacks 3 | . . . 3 . Record 3 | . . . 3 . Fabricator Hacks . | . . . . . Repair Station Hacks . | . . . . . Recycling Unit Hacks . | . . . . . Scanalyzer 5 | . . . . 5 Insert Component 2 | . . . . 2 Analyze 3 | . . . . 3 Garrison Access Hacks . | . . . . . Unauthorized Hacks . | . . . . . Terminals . | . . . . . Fabricators . | . . . . . Repair Stations . | . . . . . Recycling Units . | . . . . . Scanalyzers . | . . . . . Garrison Access . | . . . . . Data Cores Recovered . | . . . . . Used . | . . . . . Hacking Detections 1 | . . . 1 . Full Trace Events 1 | . . . 1 . Feedback Events . | . . . . . Feedback Blocked . | . . . . . Robot Schematics Acquired . | . . . . . Robots Built . | . . . . . Authchips . | . . . . . Time . | . . . . . Total Robot Build Rating . | . . . . . Part Schematics Acquired 2 | . . . . 2 Parts Built . | . . . . . Authchips . | . . . . . Time . | . . . . . Total Part Build Rating . | . . . . . Parts Repaired . | . . . . . Time . | . . . . . Parts Recycled . | . . . . . Recycled Matter . | . . . . . Retrieved Matter . | . . . . . Retrieved Components . | . . . . . Parts Scanalyzed 2 | . . . . 2 Part Schematics Acquired 2 | . . . . 2 Parts Damaged . | . . . . . Bothacking | -11 -10 -9 -9 -8 ------------ Run | Scr Mat Mat Min Mat Used RIF Installer . | . . . . . Robots Hacked . | . . . . . Non-combat . | . . . . . Combat . | . . . . . Robot Hacks Applied . | . . . . . Relay Couplers Released . | . . . . . Fabnet Peak Effective % . | . . . . . Robots Rewired . | . . . . . Allies Hacked . | . . . . . Hacks Repelled . | . . . . . Allies | -11 -10 -9 -9 -8 -------- Run | Scr Mat Mat Min Mat Total Allies 3 | . . . 3 . Largest Group 3 | . . . 3 3 Highest-Rated Group 40 | . . . 40 40 Highest-Rated Ally 16 | . . . 16 16 Total Orders . | . . . . . Ally Attacks 12 | . . . . 12 Total Damage 144 | . . . . 144 Kills 2 | . . . . 2 Allies Corrupted . | . . . . . Allies Melted . | . . . . . Intel | -11 -10 -9 -9 -8 ------- Run | Scr Mat Mat Min Mat Robot Analysis Total . | . . . . . Derelict Logs Recovered 2 | . . . 2 . Drone Launches . | . . . . . Drone Recoveries . | . . . . . Exploration | -11 -10 -9 -9 -8 ------------- Run | Scr Mat Mat Min Mat Turns Passed 2635 | 111 303 383 1371 467 Spaces Moved 1288 | 80 169 156 690 193 Core 15 | 3 . 1 . 11 Treads 258 | . . . 257 1 Legs 1015 | 77 169 155 433 181 Wheels . | . . . . . Hover . | . . . . . Flight . | . . . . . Fastest Speed 50 | 50 120 190 120 120 Average Speed 163 | 117 127 193 173 153 Slowest Speed 500 | 120 190 500 260 450 Overloaded Moves . | . . . . . Propulsion Burnouts . | . . . . . Robots Hopped . | . . . . . Cave-ins Triggered 1 | . . . . 1 Exploration Rate (%) 32 | 5 38 11 92 18 Regions Visited 4 Branch Regions 1 Pre-discovered Areas . | . . . . . Known Exits Taken 1 | . . . 1 . Unknown Exits Taken 3 | 1 1 1 . . Scrap Searched 4 | . . . 4 . Spaces Dug . | . . . . . Terrain Destroyed . | . . . . . Melee . | . . . . . Projectile . | . . . . . AOE . | . . . . . Terrain Rammed . | . . . . . Walls Destroyed . | . . . . . Machines Disabled . | . . . . . Actions | -11 -10 -9 -9 -8 --------- Run | Scr Mat Mat Min Mat Total 1589 | 92 205 193 772 327 Wait 94 | . . . 6 88 Move 1284 | 79 168 155 689 193 Hop . | . . . . . Pick Up 24 | 5 1 8 5 5 Fast Attach 25 | 3 2 4 11 5 Attach 11 | 2 1 1 3 4 Detach 6 | . 1 1 3 1 Swap 5 | . 2 . 1 2 Drop 13 | . 1 . 6 6 Fire 108 | 2 28 23 47 8 Melee 14 | . . . . 14 Ram . | . . . . . Kick 4 | 1 1 1 . 1 Crush 1 | . . . 1 . Escape Stasis . | . . . . . Rewire . | . . . . . Trap . | . . . . . Miscellaneous . | . . . . . Route ------- -11/Scrapyard -10/Materials -9/Materials -9/Mines (discovered 2 exits: *Mat x2) -8/Materials History --------- Turn | Location | Event 4 | -11/Scrapyard | Discovered new exit (range 16) 112 | -11/Scrapyard | Entered Materials 331 | -10/Materials | Build established: Mutant 369 | -10/Materials | Discovered new exit (range 15) 415 | -10/Materials | Entered another Materials area 415 | -9/Materials | Evolved 2 slots: Propulsion x2 688 | -9/Materials | Lost 4 parts (2n1u1w) 773 | -9/Materials | Discovered new exit (range 6) 798 | -9/Materials | Entered Mines 798 | -9/Mines | Discovered new exit (range 7) 831 | -9/Mines | Identified exit to Materials 962 | -9/Mines | Build established: Scavenger-Mutant 1192 | -9/Mines | Learned 2 Materials zone layouts 1337 | -9/Mines | Received a Rocket Launcher from a helpful Derelict 1446 | -9/Mines | Lost 5 parts (1p2n1u1w) 1886 | -9/Mines | Core integrity fell below 50% 2047 | -9/Mines | Assisted by bots powering up and referring to "LRC-V3" 2169 | -9/Mines | Entered Materials 2169 | -8/Materials | Accompanied by 3 allies 2169 | -8/Materials | Evolved 2 slots: Utility x2 2586 | -8/Materials | Crushed by falling debris 2603 | -8/Materials | Core integrity fell below 50% 2621 | -8/Materials | Core integrity fell below 20% 2622 | -8/Materials | Lost 8 parts (5n2u1w) 2636 | -8/Materials | Destroyed by H-61 Shepherd with Heavy Assault Cannon Last Messages --------------- 02558_ R-06 Scavenger inserts Lgt. Armor Plating into recycling unit. 02558_ Spear destroyed. 02558_ Critical hit (Blast). 02560_ Aluminum Leg destroyed. 02560_ Lgt. Armor Plating destroyed. 02561_ R-06 Scavenger inserts Particle Gun into recycling unit. 02563_ Aluminum Leg destroyed. 02563_ Imp. Terrain Scanner destroyed. 02563_ Critical hit (Blast). 02564_ R-06 Scavenger inserts Heat Sink into recycling unit. 02567_ R-06 Scavenger collects Lgt. Treads. 02570_ R-06 Scavenger inserts Lgt. Treads into recycling unit. 02573_ Lgt. Treads destroyed. 02573_ Knocked back. 02586_ The unstable cave ceiling collapses. 02586_ Crushed by falling debris. 02591_ Aluminum Leg destroyed. 02591_ Knocked back. 02625_ Slug penetrates Wall. 02631_ Acquired Hvy. Mace. Map ----- +----------------------------------------------------+ | ???##???????##+####+### ##+###????? | | ?############ #????? | | ?# #????? | | ?# ######## ###### | | ?# !] # #% # # | | ?# / + """ # # "" # | | ## # """ # # Y" # | | ?# | # """ # # "" # | | ## ###+####+#######? # # # | | # | #?????? ] # # # | | + ####????##### + !! # | | # # ?#######! # ! # | | ## # # ?# %%!# %# | | # # # """ # #####+####### | | ?# # # """ # # %[ #?? | | + # # """ + + #?? | | # # # # # ![/ #?? | | # ########### # # ![ #?? | | # # ????????#####?# # !/ #?? | | # # ??????????????# # #?? | | # #???????????????# # #? | | ?# #???????????????# # ##? | | ?# +???????????????#%###########?? | | ?# #???????????????#%%;######????? | | ?# #???????????????# H #??? | | ?? ???????????????##+;;@##### #??? | | ????????????????????#;% #??????? | | ????????????????????##%% =#??????? | | ?????????????????????#"" #??????? | | ?????????????????????#"Y #??????? | | ?????????????????????#"" ]]#??????? | | ?????????????????????# ]]#??????? | | ?????????????????????## #####??????? | | ??????????????????????###??????????? | | ???????????????????????????????????? | | ???????????????????????????????????? | | ???????????????????????????????????? | | ???????????????????????????????????? | | ???????????????????????????????????? | | ???????????????????????????????????? | | ???????????????????????????????????? | | ???????????????????????????????????? | | ???????????????????????????????????? | | ???????????????????????????????????? | | ???????????????????????????????????? | | ???????????????????????????????????? | | ???????????????????????????????????? | | ???????????????????????????????????? | | ???????????????????????????????????? | | ???????????????????????????????????? | +----------------------------------------------------+ Best States ------------- Heat Dissipation 31 Energy Generation 10 Energy Capacity 250 Matter Stores 300 Matter Capacity 300 Sight Range 16 Terrain Scan Range 16 Terrain Scan Density 85 Armor Coverage 150 Power Shielding 33 Evasion (%) 55 Recoil Reduction 2 Item Schematics ----------------- Lrg. Storage Unit | -8/Materials | Scanalyzed Spear | -8/Materials | Scanalyzed Robot Schematics ------------------ None Fabricated ------------ Nothing Alien Tech Used ----------------- None Achievements -------------- None Challenges ------------ None Game ------ Seed GhostNeutrinoWeb Manual? 0 Play Time 00:22:34 Cumulative 177.8 hours Start 2022.04.02 @ 14:47:22 End 2022.04.02 @ 15:05:16 Sessions 1 Manual Loads 0 Difficulty Rogue Special Mode None Game No. 124 Rogue 124 Adventurer 0 Explorer 0 Win Type - Total 0 Types 0/0/0/0/0/0/0/0/0 Lore% 40 Gallery% 57 Achievement% 43 Wizard Run 0 Options --------- ASCII 0 Keyboard 1 Movement Numpad Keybinds 0 Fullscreen 1 Font 14/Terminus Map View 72x54 Tactical HUD 1 Map Filters NONE Filters NONE Steam 1 RUN: f07de616-9dc8-4b27-b76b-a1e307deab97